 Dungeon Crawl Stone Soup version 0.20-a0-1034-gb277f92 (webtiles) character file.

46 Ichigo the Ducker (level 3, 0/30 HPs)
             Began as a Demonspawn Monk on Apr 22, 2017.
             Succumbed to an adder's poison
             ... on level 2 of the Dungeon.
             The game lasted 00:01:46 (2112 turns).

Ichigo the Ducker (Demonspawn Monk)                 Turns: 2112, Time: 00:01:46

Health: 0/30       AC:  3    Str: 11    XL:     3   Next: 46%
Magic:  12/12      EV: 21    Int: 11    God:
Gold:   36         SH:  0    Dex: 21    Spells: 2/2 levels left

rFire    . . .     SeeInvis .   f - +0 short sword
rCold    . . .     Gourm    .   (no shield)
rNeg     . . .     Faith    .   a - +0 robe
rPois    .         Spirit   .   l - +0 helmet
rElec    .         Reflect  .   (no cloak)
rCorr    .         Harm     .   (no gloves)
MR       .....                  (no boots)
Stlth    ++++......             (no amulet)
Regen    0.1/turn               c - ring of magical power
MPRegen  0.2/turn               (no ring)

@: agile, lethally poisoned (0 -> -16), flying
A: wild magic 2, sturdy frame 1
a: no special abilities


You were on level 2 of the Dungeon.
You were not hungry.

You visited 1 branch of the dungeon, and saw 2 of its levels.

You collected 36 gold pieces.

Inventory:

Hand Weapons
 d - a +0 hand axe
 f - a +0 short sword (weapon)
Armour
 a - a +0 robe (worn)
 l - a +0 helmet (worn)
Jewellery
 c - a ring of magical power (left hand)
Scrolls
 j - 2 scrolls of amnesia {unknown}
 k - a scroll of fog {unknown}
 m - 2 scrolls of identify {unknown}
Potions
 n - a potion of flight
Books
 o - a book of Cantrips

   Spells                             Type                      Level
   a - Confusing Touch                Hexes                        1
   b - Animate Skeleton               Necromancy                   1
   c - Summon Small Mammal            Summoning                    1
   d - Apportation                    Translocation                1
Comestibles
 b - a bread ration
 g - a chunk of flesh
 h - a royal jelly
 i - 2 meat rations


   Skills:
 - Level 4.0 Fighting
 + Level 4.8 Dodging
 - Level 3.6 Stealth


You had 2 spell levels left.
You didn't know any spells.

Dungeon Overview and Level Annotations

Branches:
Dungeon (2/15)

Altars:
Elyvilon


Innate Abilities, Weirdness & Mutations

Your movements are slightly less encumbered by armour. (ER -2)
Your spells are harder to cast, but more powerful.


Message History

You hit the adder.
You kill the adder!
* * * LOW HITPOINT WARNING * * *
You feel sick.
It was a potion of flight.
You feel very buoyant.
You fly up into the air.
* * * LOW HITPOINT WARNING * * *
You feel sick.
It was a potion of agility.
You feel agile all of a sudden.
* * * LOW HITPOINT WARNING * * *
You feel sick.
It was a potion of mutation.
You feel extremely strange.
You feel less in control of your magic. x2
* * * LOW HITPOINT WARNING * * *
You feel sick.
* * * LOW HITPOINT WARNING * * *
You feel sick.
You die...

###########
#..@†......
#.######### #.#..#
#.#..# ########
####### #.#..#
#......# ......#
#.#..# #.####.#
#####.#
#.#..####.#.##.#.####
#.#
#.#..<....#.##...)...
#.#
#.##.######.##.#.####


There were no monsters in sight!

Vanquished Creatures
  An adder (D:2)
  2 oozes (D:1)
  A dart slug (D:1)
  A leopard gecko (D:1)
  2 bats
  3 giant cockroaches (D:2)
  A goblin (D:1)
  6 hobgoblins
  2 frilled lizards
  3 kobolds
  4 rats
26 creatures vanquished.

Notes
Turn   | Place    | Note
-------+----------+-------------------------------------------
     0 | D:1      | Ichigo the Demonspawn Monk began the quest for the Orb.
     0 | D:1      | Reached XP level 1. HP: 19/19 MP: 1/1
   527 | D:1      | Gained mutation: Your movements are slightly less encumbered by armour. (ER -2) [demonic ancestry]
   527 | D:1      | Reached XP level 2. HP: 16/25 MP: 2/2
  1753 | D:2      | Reached XP level 3. HP: 30/30 MP: 3/3
  1875 | D:2      | Found a white marble altar of Elyvilon.
  2110 | D:2      | Gained mutation: Your spells are a little harder to cast, but a little more powerful. [potion of mutation]
  2110 | D:2      | Gained mutation: Your spells are harder to cast, but more powerful. [potion of mutation]
  2112 | D:2      | Succumbed to an adder's poison

Vault maps used:
D:1:      dpeg_arrival_stone_temple_mockup
D:2:      lemuel_doored_altar, makhleb_blood_cavern_becter

Skill      XL: |  1 |
---------------+----+-----
Dodging        | 4 |  4.8
Fighting       | |  4.0
Stealth        | |  3.6

Action                   || total
-------------------------++-------
Melee: Hand axe          ||    55
       Short sword       ||    40
  Use: Potion            ||     3
 Stab: Sleeping          ||     5
       Distracted        ||     1
  Eat: Chunk             ||     4
Armor: Robe              ||    17
Dodge: Dodged            ||    59
